 Dungeon Crawl Stone Soup version 0.17.1-3-g152610e (webtiles) character file.

112 senpaigss the Sneak (level 4, -4/33 HPs)
             Began as a Vampire Assassin on Apr 20, 2016.
             Killed from afar by an orc wizard (8 damage)
             ... with a puff of flame
             ... on level 2 of the Dungeon.
             The game lasted 00:06:19 (2139 turns).

senpaigss the Sneak (Vampire Assassin)              Turns: 2139, Time: 00:06:19

Health: -4/33      AC:  3    Str: 10    XL:     4   Next: 64%
Magic:  4/4        EV: 12    Int: 13    God:
Gold:   53         SH:  0    Dex: 16    Spells: 0 memorised, 3 levels left

rFire  . . .     SeeInvis +     a - +2 dagger
rCold  + . .     Clarity  .     c - +0 robe
rNeg   + + .     SustAt   .     (no shield)
rPois  +         Gourm    .     (no helmet)
rElec  .         Spirit   .     d - +0 cloak
rCorr  .         Warding  .     (no gloves)
rMut   .         Stasis   .     (no boots)
MR     .....                    (no amulet)
Stlth  ++++......               (no ring)
                                (no ring)

@: regenerating slowly, not resistant to hostile enchantments, stealthy
A: fangs 3, see invisible, unbreathing
a: Bat Form


You were on level 2 of the Dungeon.
You were very thirsty.

You visited 1 branch of the dungeon, and saw 2 of its levels.

You collected 53 gold pieces.

Inventory:

Hand Weapons
 a - a +2 dagger (weapon)
 b - a +0 blowgun
Missiles
 e - 8 poisoned needles
 f - 2 curare-tipped needles
Armour
 c - a +0 robe (worn)
 d - a +0 cloak (worn)
Scrolls
 h - 2 scrolls of enchant weapon {unknown}
 i - 2 scrolls of teleportation {unknown}
Potions
 g - a potion of blood
 j - a potion of resistance {unknown}
 k - a potion of haste {unknown}
 l - a potion of lignification {unknown}
 m - a potion of magic {unknown}
 o - a potion of brilliance {unknown}
Comestibles
 n - a beef jerky


   Skills:
 + Level 2.1 Fighting
 + Level 2.5 Short Blades
 + Level 2.0 Throwing
 + Level 2.0 Dodging
 + Level 7.9 Stealth


You had 3 spell levels left.
You didn't know any spells.

Dungeon Overview and Level Annotations

Branches:
Dungeon (2/15)

Altars:
Ashenzari
Cheibriados
Elyvilon


Innate Abilities, Weirdness & Mutations

You heal slowly.
You have razor-sharp teeth.
You have supernaturally acute eyesight.
You can survive without breathing.


Message History

The orc priest mumbles some strange prayers to Beogh against you.
Pain shoots through your body!
The orc wizard gestures wildly while chanting.
The orc wizard blinks!
The orc wizard gestures wildly while chanting.
The orc wizard seems to speed up.
The orc wizard miscasts a cantrip.
The orc priest mumbles some strange prayers to Beogh against you.
Pain shoots through your body!
You see here a dagger.
The orc priest calls down the wrath of Beogh upon you.
Something smites you!
* * * LOW HITPOINT WARNING * * *
The orc wizard mumbles some strange words.
The orc wizard flickers and vanishes for a moment.
The orc priest casts a cantrip, but nothing happens.
The orc wizard is no longer moving quickly.
The orc wizard gestures at you while chanting.
The puff of flame hits you!
You die...

#####################
#...................#
#####.#################.#
#.....#.........# #.#
#.######.######.#######.#
#.# #.#<)....#.(...#.#
#.######o########.##.##.#
.............o..@......>#
#.########..o......#.####
#.########..######.#.#
#........#..# #..#.#
########.#..#####..#.# ##
#.#........##.# .#
#.#.####......# o# #....#
#.###### o# ###..# #.#


You could see an orc wizard (invisible) and an orc.

Vanquished Creatures
  Ijyb (D:2)
  Jessica (D:2)
  An adder (D:2)
  2 oozes
  A worm (D:2)
  2 giant geckos
  A ball python (D:2)
  5 bats
  2 giant cockroaches
  2 hobgoblins (D:1)
  8 kobolds
  2 quokkas (D:2)
  2 giant newts (D:2)
  2 goblins (D:1)
  10 rats
42 creatures vanquished.

Notes
Turn   | Place    | Note
--------------------------------------------------------------
     0 | D:1      | senpaigss the Vampire Assassin began the quest for the Orb.
     0 | D:1      | Reached XP level 1. HP: 16/16 MP: 1/1
    34 | D:1      | Reached skill level 6 in Stealth
   107 | D:1      | Reached XP level 2. HP: 22/22 MP: 2/2
   655 | D:2      | Noticed Jessica
   659 | D:2      | Killed Jessica
   659 | D:2      | Reached skill level 7 in Stealth
   659 | D:2      | Reached XP level 3. HP: 27/27 MP: 3/3
   740 | D:2      | Noticed Ijyb
   757 | D:2      | Killed Ijyb
   757 | D:2      | Reached XP level 4. HP: 23/33 MP: 4/4
  1214 | D:2      | Found a snail-covered altar of Cheibriados.
  1252 | D:2      | Found a white marble altar of Elyvilon.
  1854 | D:2      | Found a shattered altar of Ashenzari.
  2139 | D:2      | Killed from afar by an orc wizard

Action                   |  1- 3 |  4- 6 || total
-------------------------+-------+-------++-------
Melee: Dagger            |    59 |    31 ||    90
  Use: Potion            |       |     1 ||     1
 Stab: Sleeping          |    13 |     8 ||    21
       Distracted        |       |     1 ||     1
